 Dungeon Crawl Stone Soup version 0.28.0 (webtiles) character file.

Game seed: 865107683282326490

1428 SnakkuSnakku7 the Frost Mage (level 9, -2/57 HPs)
             Began as a Formicid Ice Elementalist on Feb 8, 2022.
             Was a Follower of Sif Muna.
             Slain by an ice beast (14 damage)
             ... on level 5 of the Dungeon.
             The game lasted 00:08:54 (3956 turns).

SnakkuSnakku7 the Frost Mage (FoIE)                 Turns: 3956, Time: 00:08:54

Health: -2/57      AC: 13    Str: 13    XL:     9   Next: 3%
Magic:  14/25      EV:  9    Int: 19    God:    Sif Muna [*.....]
Gold:   295        SH: 10    Dex: 11    Spells: 11/18 levels left

rFire   . . .      SeeInvis +   r - +0 whip
rCold   . . .      Faith    .   w - +0 kite shield
rNeg    . . .      Spirit   .   h - +0 ring mail
rPois   .          Reflect  .   (helmet unavailable)
rElec   .          Harm     .   b - +0 cloak
rCorr   .          Rampage  .   x - +1 pair of gloves {infuse}
Will    .....                   i - +0 pair of boots
Stlth   +.........              (no amulet)
HPRegen 0.19/turn               g - ring of wizardry
MPRegen 0.19/turn               p - ring of magical power

@: ice-armoured
A: permanent stasis, dig shafts and tunnels, antennae 3, four strong arms
a: Dig, Shaft Self, Renounce Religion, Channel Magic


You were on level 5 of the Dungeon.
You worshipped Sif Muna.
Sif Muna was aware of your devotion.
You visited 2 branches of the dungeon, and saw 7 of its levels.

You collected 295 gold pieces.

Inventory:

Hand Weapons
 r - a +0 whip (weapon)
Armour
 a - a +0 robe
 b - a +0 cloak (worn)
 h - a +0 ring mail (worn)
 i - a +0 pair of boots (worn)
 w - a +0 kite shield (worn)
 x - a +1 pair of gloves of infusion (worn)
Jewellery
 g - a ring of wizardry (left hand)
 p - a ring of magical power (right hand)
Wands
 o - a wand of polymorph (7)
 t - a wand of mindburst (4)
Scrolls
 c - a scroll of noise {unknown}
 d - 2 scrolls of identify {unknown}
 e - 6 scrolls of vulnerability {unknown}
 j - a scroll of blinking {unknown}
 l - a scroll of enchant weapon {unknown}
 n - 3 scrolls of teleportation {unknown}
 u - a scroll of fog {unknown}
 v - a scroll of fear {unknown}
Potions
 f - 3 potions of curing {unknown}
 k - a potion of haste {unknown}
 m - 2 potions of attraction {unknown}
 q - 2 potions of mutation {unknown}
 s - a potion of heal wounds {unknown}
 z - a potion of invisibility {unknown}


   Skills:
 - Level 1.7 Dodging
 - Level 2.4 Stealth
 + Level 7.6 Shields
 - Level 5.0 Spellcasting
 - Level 8.0 Ice Magic


You had 11 spell levels left.
You knew the following spells:

 Your Spells              Type           Power      Damage    Failure   Level
a - Freeze                Ice            100%       1d11      1%          1
b - Frozen Ramparts       Ice            70%        1d9       2%          3
c - Ozocubu's Armour      Ice            35%        N/A       2%          3

Your spell library contained the following spells:

 Spells                   Type           Power      Damage    Failure   Level
 Animate Skeleton         Necr           8%         N/A       22%         1
 Pain                     Necr           16%        1d4       22%         1
 Slow                     Hex            16%        N/A       22%         1
 Hailstorm                Conj/Ice       19%        3d6       38%         4
 Confusing Touch          Hex            4%         N/A       52%         3
 Vampiric Draining        Necr           4%         2d6       52%         3


Dungeon Overview and Level Annotations

Branches:
Dungeon (6/15)             Temple (1/1) D:4

Altars:
Ashenzari
Kikubaaqudgha
Makhleb
Sif Muna
Wu Jian
Yredelemnul

Shops:
D:3 (

Annotations:
D:3 3 runed translucent doors, shmeve's ghost, amateur DrBe


Innate Abilities, Weirdness & Mutations

You cannot be hasted, slowed, berserked, paralysed or teleported.
You can dig through walls and to a lower floor.
You have a pair of large antennae on your head. (SInv)
Your four strong arms can wield two-handed weapons with a shield.


Message History

The ice beast completely misses you.
There is a stone staircase leading up here.
You block the ice beast's attack. You block the phantom's attack.
You climb upwards.
There is a stone staircase leading down here.
You block the ice beast's attack.
The ice beast hits you but does no damage.
Casting: Freeze (safe; 1% risk of failure)
Confirm with . or Enter, or press ? or * to list all spells.
A film of ice covers your body! The ice beast closely misses you.
Unknown command.
You completely miss the ice beast.
The ice beast hits you but does no damage.
You barely miss the ice beast. The ice beast closely misses you.
You hit the ice beast.
The ice beast is lightly wounded.
The ice beast hits you but does no damage.
You completely miss the ice beast.
The ice beast is lightly wounded.
The ice beast closely misses you.
You hit the ice beast.
The ice beast is lightly wounded.
The ice beast hits you. The ice beast freezes you!
You block the ice beast's attack.
You hit the ice beast but do no damage.
The ice beast is lightly wounded.
The ice beast hits you. The ice beast freezes you!
You barely miss the ice beast.
The ice beast is lightly wounded.
The ice beast closely misses you.
You hit the ice beast.
The ice beast is moderately wounded.
The ice beast hits you. The ice beast freezes you!
* * * LOW HITPOINT WARNING * * *
You hit the ice beast.
The ice beast is moderately wounded.
The ice beast hits you.
* * * LOW HITPOINT WARNING * * *
The ice beast freezes you!
You die...

###########........# #......#
#.# .....# #........# #......#
#.. .....# #........#
#......##### .....# #........#
#....<..# ##...#######.......#
#.......# ...........#.......#
####+##.##
...........#....W..###........#
...........##..#Y####.........#
...........##.W#@####.........#
...............#..............#
......)....###>#######........#
...#######)# #.# #............#
...# ##...# #.# #.#..........#
...# #....# #.###.#..........#
...# #....# #.#...#......#####
...####....###.#.###......#
....##.<.........#.'......##


You could see a phantom and an ice beast.

Vanquished Creatures
  Sigmund (D:3)
  Eustachio (D:5)
  An orc warrior (D:5)
  A black bear (D:5)
  An ogre (D:5)
  A bullfrog (D:5)
  A gnoll sergeant (D:5)
  A water moccasin zombie (D:5)
  A howler monkey (D:5)
  3 orc priests
  3 hounds (D:5)
  A jelly (D:5)
  A bullfrog skeleton (D:5)
  2 iguanas (D:5)
  5 orc wizards
  A hound zombie (D:5)
  A hound skeleton (D:4)
  9 adders
  A shadow imp (D:5)
  A white imp (D:5)
  An ufetubus (D:5)
  An adder skeleton (D:4)
  2 dart slugs
  22 orcs
  5 bats
  8 endoplasms
  6 giant cockroaches
  11 hobgoblins
  4 jackals (D:1)
  10 kobolds
  3 quokkas
  7 ball pythons
  A frilled lizard (D:1)
  10 goblins
  5 rats
133 creatures vanquished.

Vanquished Creatures (others)
  8 demonic plants (D:1)
  2 fungi (D:1)
  7 plants
  3 withered plants (D:1)
20 creatures vanquished.

Grand Total: 153 creatures vanquished

Notes
Turn   | Place    | Note
-------+----------+-------------------------------------------
     0 | D:1      | SnakkuSnakku7 the Formicid Ice Elementalist began the quest
                  | for the Orb.
     0 | D:1      | Reached XP level 1. HP: 13/13 MP: 3/3
    31 | D:1      | Found a faded altar of an unknown god.
    85 | D:1      | Reached XP level 2. HP: 12/19 MP: 0/5
   378 | D:2      | Reached XP level 3. HP: 15/23 MP: 1/6
   463 | D:1      | Reached skill level 5 in Ice Magic
   617 | D:1      | Learned a level 3 spell: Frozen Ramparts
  1066 | D:1      | Reached XP level 4. HP: 30/30 MP: 5/7
  1626 | D:3      | Noticed Sigmund
  1633 | D:3      | Killed Sigmund
  1634 | D:3      | Reached skill level 7 in Ice Magic
  1634 | D:3      | Reached XP level 5. HP: 30/35 MP: 1/8
  1634 | D:3      | Reached XP level 6. HP: 35/41 MP: 1/9
  1735 | D:3      | Learned a level 3 spell: Ozocubu's Armour
  1818 | D:3      | Found a runed translucent gate.
  1818 | D:3      | Found a runed translucent gate.
  1822 | D:3      | Found a runed translucent gate.
  1824 | D:3      | Noticed shmeve's ghost (amateur DrBe)
  2181 | D:3      | Found Peanaoh's Weapon Emporium.
  2711 | D:4      | Reached XP level 7. HP: 32/46 MP: 6/10
  2758 | D:4      | Found a staircase to the Ecumenical Temple.
  2779 | Temple   | Entered the Ecumenical Temple
  2856 | Temple   | Became a worshipper of Sif Muna the Loreminder
  3116 | D:4      | Reached skill level 8 in Ice Magic
  3211 | D:5      | Entered Level 5 of the Dungeon
  3526 | D:5      | Noticed Eustachio
  3533 | D:5      | Killed Eustachio
  3534 | D:5      | Reached skill level 5 in Spellcasting
  3534 | D:5      | Reached XP level 8. HP: 52/52 MP: 14/15
  3540 | D:5      | Reached * piety under Sif Muna
  3654 | D:5      | Reached skill level 5 in Shields
  3865 | D:5      | Reached XP level 9. HP: 33/57 MP: 11/16
  3956 | D:5      | Slain by an ice beast

Illustrated notes

Levels and vault maps discovered:
D:1:      ncdulo_lavacross, layout_basic, shapermc_ecumenical_altar_gd,
          minmay_tiny_reverse_x
D:2:      layout_rooms, serial_corexii_hall, chequers_hall_statues_wall_a,
          corexii_hall_statues_x, hex_medium, minmay_tetromino_s2
D:3:      kennysheep_six_static_rooms, layout_loops_corners, serial_shops,
          nicolae_shop_hallway_plus, gammafunk_ghost_necromancy, nrook_campfire,
          uniq_sigmund
D:4:      layout_cave_pools, minmay_temple_entry_gardened_gates
D:5:      minmay_clustersquares, layout_basic, uniq_eustachio
D:6:      layout_cave_pools, hellmonk_bongcloud_opening, minmay_misc_feat_x
Temple:   mainiacjoe_temple_big_plus

Skill      XL: |  1  2  3  4  5  6  7  8 |
---------------+-------------------------+-----
Ice Magic      | 5 7 8 |  8.0
Spellcasting   | 5 |  5.0
Shields        | 3 7 |  7.6
Dodging        | |  1.7
Stealth        | |  2.4

Action                   |  1- 3 |  4- 6 |  7- 9 || total
-------------------------+-------+-------+-------++-------
Melee: Unarmed           |    21 |    16 |       ||    37
       Whip              |       |     6 |    56 ||    62
       Punch             |       |     1 |     2 ||     3
 Cast: Freeze            |    50 |    82 |    66 ||   198
       Frozen Ramparts   |       |     3 |     6 ||     9
       Ozocubu's Armour  |       |       |     5 ||     5
 Abil: Dig               |     2 |       |       ||     2
Armor: Robe              |     5 |       |       ||     5
       Ring mail         |     3 |    32 |    64 ||    99
Dodge: Dodged            |    46 |    47 |    69 ||   162
Block: Kite shield       |       |       |    27 ||    27
